 Dungeon Crawl Stone Soup version 0.30-a0-187-gd9c2deaf24 (webtiles) character file.

Game seed: 4764305661941575070

597 greasedhog the Shooter (level 7, -8/56 HPs)
             Began as a Formicid Hunter on Oct 4, 2022.
             Killed by an exploding jackal (35 damage)
             ... ignited by their inner flame
             ... on level 4 of the Dungeon.
             The game lasted 00:04:01 (2081 turns).

greasedhog the Shooter (Formicid Hunter)            Turns: 2081, Time: 00:04:02

Health: -8/56      AC:  3    Str: 16    XL:     7   Next: 68%
Magic:  7/7        EV: 12    Int:  8    God:
Gold:   196        SH:  0    Dex: 19    Spells: 3/6 levels left

rFire   . . .      SeeInvis +    j - +0 arbalest
rCold   . . .      Faith    .    (no shield)
rNeg    . . .      Spirit   .    c - +0 leather armour
rPois   .          Reflect  .    (helmet unavailable)
rElec   .          Harm     .    (no cloak)
rCorr   .          Rampage  .    (no gloves)
Will    .....                    (no boots)
Stlth   ++........               (no amulet)
HPRegen 0.29/turn                (no ring)
MPRegen 0.10/turn                (no ring)

@: no status effects
A: permanent stasis, dig shafts and tunnels, antennae 3, four strong arms
a: Dig, Shaft Self


You were on level 4 of the Dungeon.
You visited 1 branch of the dungeon, and saw 4 of its levels.

You collected 196 gold pieces.

Inventory:

Hand Weapons
 a - a +0 shortbow
 j - a +0 arbalest (weapon)
 k - a +1 vampiric dagger
Armour
 c - a +0 leather armour (worn)
 h - a +0 pair of gloves
Wands
 i - a wand of flame (13)
Scrolls
 b - a scroll of immolation
 m - 3 scrolls of enchant armour {unknown}
 o - a scroll of identify
Potions
 d - 2 potions of flight
 e - 2 potions of berserk rage {unknown}
 f - 2 potions of brilliance {unknown}
 g - a potion of attraction {unknown}
 l - 2 potions of curing {unknown}
 n - a potion of resistance {unknown}


   Skills:
 - Level 5.1 Fighting
 * Level 6.7 Ranged Weapons
 * Level 3.2 Armour
 - Level 1.7 Dodging
 - Level 1.2 Stealth
 + Level 1.5 Hexes


You had 3 spell levels left.
You knew the following spells:

 Your Spells              Type           Power      Damage    Failure   Level
a - Portal Projectile     Hex/Tloc       2%         N/A       75%         3

Your spell library contained the following spells:

 Spells                   Type           Power      Damage    Failure   Level
 Tukima's Dance           Hex            2%         N/A       63%         3
 Blade Hands              Tmut           0%         N/A       100%        5


Dungeon Overview and Level Annotations

Branches:
Dungeon (4/15)
 Temple: D:4-7

Altars:
Gozag
Makhleb

Annotations:
D:4 Natasha


Innate Abilities, Weirdness & Mutations

You cannot be hasted, slowed, berserked, paralysed or teleported.
You can dig through walls and to a lower floor.
You have a pair of large antennae on your head. (SInv)
Your four strong arms can wield two-handed weapons with a shield.


Message History

Natasha seems to grow stronger.
You shoot a bolt. The bolt completely misses Natasha.
You shoot a bolt. The bolt barely misses Natasha.
Natasha claws you!
Natasha howls an incantation.
Natasha glows brightly for a moment.
Natasha claws you.
You shoot a bolt. The bolt hits the hobgoblin.
You kill the hobgoblin!
Natasha claws you. Natasha closely misses you.
You shoot a bolt.
The bolt hits Natasha but does no damage.
Natasha barely misses you.
You shoot a bolt. The bolt barely misses Natasha.
You hear a bark!
Natasha claws you.
A jackal comes into view.
Natasha barely misses you.
Unknown command.
You shoot a bolt. The bolt hits Natasha!
Natasha is heavily wounded.
Natasha wildly gestures.
You feel disoriented. Natasha claws you!
Natasha hisses.
Natasha closely misses you. Natasha barely misses you.
Natasha casts a spell at you.
Your stasis prevents you from being slowed.
Really read the scroll of immolation?
As you read the scroll of immolation, it crumbles to dust.
The creatures around you are filled with an inner flame!
The jackal completely misses you.
Fire: j) +0 arbalest
Press: ? - help, Q - select action, (/) - cycle Shift-Dir - straight line, f/p - Natasha
Aim: Natasha (heavily wounded, inner flame, strong, 55% to hit)
You shoot a bolt. The bolt hits the jackal!!
The jackal explodes!
The fiery explosion engulfs you!!
Ouch! That really hurt!
You die...

.P..# P...## ###
..... ..# ...# #.#
####.
#..#####§#......
#..##.@.h†.#
#..##.##§.....#
#####
#####.....##.####.#
....#
#............#
....#
#####.######.# { {{
##..# ##.## #.# {
#[.# #...# #.# #..#
#...# #.. #..#
#...# .


You could see Natasha (inner flame, strong).

Vanquished Creatures
  Grinder (D:4)
  Sigmund (D:3)
  An ice beast (D:3)
  Jessica (D:2)
  Terence (D:2)
  3 adders
  A dart slug (D:2)
  6 orcs (D:3)
  8 ball pythons
  5 bats
  3 endoplasms
  4 giant cockroaches
  4 hobgoblins
  9 jackals
  6 kobolds
  5 quokkas
  3 frilled lizards
  5 goblins
  6 rats
  A spectral goblin (D:1)
74 creatures vanquished.

Notes
Turn   | Place    | Note
-------+----------+-------------------------------------------
     0 | D:1      | greasedhog the Formicid Hunter began the quest for the Orb.
     0 | D:1      | Reached XP level 1. HP: 16/16 MP: 1/1
    29 | D:1      | Found a faded altar of an unknown god.
   203 | D:1      | Reached XP level 2. HP: 23/23 MP: 2/2
   567 | D:2      | Reached XP level 3. HP: 12/29 MP: 3/3
   996 | D:2      | Noticed Jessica
  1003 | D:2      | Killed Jessica
  1004 | D:2      | Reached XP level 4. HP: 37/37 MP: 4/4
  1122 | D:2      | Found a burning altar of Makhleb.
  1347 | D:2      | Noticed Terence
  1350 | D:2      | Killed Terence
  1351 | D:2      | Reached skill level 5 in Ranged Weapons
  1351 | D:2      | Reached XP level 5. HP: 42/42 MP: 5/5
  1417 | D:3      | Noticed Sigmund
  1419 | D:3      | Killed Sigmund
  1420 | D:3      | Reached skill level 5 in Fighting
  1420 | D:3      | Reached XP level 6. HP: 51/51 MP: 6/6
  1448 | D:3      | Learned a level 3 spell: Portal Projectile
  1578 | D:3      | Found an opulent altar of Gozag.
  1611 | D:3      | Noticed an ice beast
  1615 | D:3      | Killed an ice beast
  1616 | D:3      | Reached skill level 6 in Ranged Weapons
  1616 | D:3      | Reached XP level 7. HP: 45/56 MP: 7/7
  1917 | D:4      | Noticed Grinder
  1924 | D:4      | Killed Grinder
  1925 | D:4      | Reached skill level 1 in Hexes
  2070 | D:4      | Noticed Natasha
  2081 | D:4      | Killed by an exploding jackal... ignited by their inner
                  | flame

Illustrated notes

Levels and vault maps discovered:
D:1:      ncdulo_watergridlock, layout_loops_ring,
          dreamdust_ecumenical_altar_drowned_temple
D:2:      layout_rooms, basic_altar, uniq_terence, uniq_jessica
D:3:      layout_basic, general_overflow_altar, uniq_sigmund
D:4:      layout_loops_cross, vehumet_statue, minivault_14,
          chequers_serial_rivers_room_b, uniq_menkaure, uniq_grinder,
          uniq_crazy_yiuf_cottage, uniq_natasha

Skill      XL: |  1  2  3  4  5  6  7 |
---------------+----------------------+-----
Fighting       | 3 4 5 |  5.1
Ranged Weapons | 5 6 |  6.7
Armour         | 2 3 |  3.2
Hexes          | 1 |  1.5
Dodging        | |  1.7
Stealth        | |  1.2

Action                   |  1- 3 |  4- 6 |  7- 9 || total
-------------------------+-------+-------+-------++-------
 Fire: Shortbow          |    80 |       |       ||    80
       Arbalest          |     1 |    60 |    38 ||    99
 Abil: Dig               |     1 |       |       ||     1
  Use: Scroll            |       |     2 |     1 ||     3
Armor: Leather armour    |     7 |     4 |     2 ||    13
Dodge: Dodged            |    39 |    16 |     9 ||    64

Table legend: (Time is in decaauts)
 A = Elapsed time spent in this place.
 B = Non-inter-level travel time spent in this place.
 C = Inter-level travel time spent in this place.
 D = Time resting spent in this place.
 E = Time spent auto-exploring this place.
 F = Levels seen in this place.
 G = Mean time per level.
                   A        B        C        D        E       F      G
               +--------+--------+--------+--------+--------+-----+--------+
         Total |   2170 |   2097 |     73 |    398 |   1280 |   4 |  542.5 |
       Dungeon |   2170 |   2097 |     73 |    398 |   1280 |   4 |  542.5 |
               +--------+--------+--------+--------+--------+-----+--------+

Top non-repeatable levels by time:
     D:2: 871 daAuts
     D:1: 568 daAuts
     D:3: 518 daAuts
     D:4: 212 daAuts
